 Dungeon Crawl Stone Soup version 0.17-a0-2002-g92c7e20 (webtiles) character file.

61246 brucemayne the Executioner (level 15, 0/189 HPs)
             Began as a Hill Orc Berserker on Oct 8, 2015.
             Was an Elder of Trog.
             Shot with an arrow by a ghostly deep elf master archer (36 damage)
             ... on level 3 of the Elven Halls.
             The game lasted 00:56:46 (8331 turns).

brucemayne the Executioner (Hill Orc Berserker)     Turns: 8331, Time: 00:56:46

Health: 0/189      AC: 24    Str: 34    XL:     15   Next: 2%
Magic:  15/15      EV:  8    Int:  9    God:    Trog [****..]
Gold:   911        SH:  0    Dex: 10    Spells: 0 memorised, 14 levels left

rFire  + . .     SeeInvis .     y - +4 executioner's axe (freeze)
rCold  . . .     Clarity  .     J - +4 plate armour {rF+}
rNeg   . . .     SustAt   .     (no shield)
rPois  .         Gourm    .     P - +0 hat
rElec  .         Spirit   .     R - +0 cloak
rCorr  +         Warding  .     w - +0 pair of gloves
rMut   .         Stasis   .     m - +2 pair of boots
MR     +++..                    c - amulet of resist corrosion
Stlth  ..........               B - +4 ring of strength
                                K - ring of invisibility

@: berserking (expiring), regenerating, heavily drained, very quick, extremely
resistant to hostile enchantments, extremely unstealthy
A: no striking features
a: Burn Spellbooks, Berserk, Trog's Hand, Brothers in Arms, Renounce Religion,
Evoke Invisibility


You were on level 3 of the Elven Halls.
You worshipped Trog.
Trog was greatly pleased with you.
You were hungry.

You visited 4 branches of the dungeon, and saw 19 of its levels.
You also visited: Labyrinth and Volcano.

You collected 1726 gold pieces.
You spent 815 gold pieces at shops.

Inventory:

Hand Weapons
 v - the +9 war axe of Trog's Condemnation {holy, rC+, unknown}
   (You took it off a deep elf death mage on level 3 of the Elven Halls)

   It has been blessed by the Shining One to cause great damage to the undead
   and demons.
   It protects you from cold.
 y - a +4 executioner's axe of freezing (weapon)
 F - a +1 battleaxe of chopping
 G - a +1 war axe of chopping
 L - a +1 broad axe of flaming
 W - the +12 war axe "Dexoth" {chop, MR+++, unknown}
   (You took it off a deep elf high priest on level 3 of the Elven Halls)

   It inflicts extra damage upon your enemies.
   It affects your resistance to hostile enchantments.
Missiles
 e - 8 silver tomahawks (quivered)
 z - 12 tomahawks of returning
Armour
 g - a +1 hat
 m - a +2 pair of boots (worn)
 w - a +0 pair of gloves (worn)
 J - a +4 plate armour of fire resistance (worn)
 O - a +0 buckler of fire resistance
 P - a +0 hat (worn)
 R - a +0 cloak (worn)
 S - the cursed +1 ice dragon armour of Beusy {rElec rPois rF- rC++}
   (You took it off a deep elf blademaster on level 3 of the Elven Halls)

   It makes you vulnerable to fire.
   It greatly protects you from cold.
   It insulates you from electricity.
   It protects you from poison.
   It has a curse placed upon it.
 X - a +1 fire dragon armour
Jewellery
 c - an amulet of resist corrosion (around neck)
 B - a +4 ring of strength (right hand)
 I - an uncursed amulet of resist mutation
 K - a ring of invisibility (left hand)
 V - an uncursed amulet of faith
Wands
 n - a wand of digging (2)
 x - a wand of enslavement (18)
 D - a wand of teleportation (5)
 E - a wand of flame (14)
 Q - a wand of fire (7)
Scrolls
 a - a scroll of silence {unknown}
 k - 3 scrolls of remove curse
 o - a scroll of fear {unknown}
 p - a scroll of identify
 Y - a scroll of immolation {unknown}
Potions
 d - 4 potions of lignification
 l - a potion of brilliance
 r - a potion of heal wounds
 N - 2 potions of flight
 T - 2 potions of curing
 Z - a potion of poison {unknown}
Books
 f - a Young Poisoner's Handbook

   Spells                             Type                      Level
   a - Sting                          Conjuration/Poison           1
   b - Cure Poison                    Poison                       2
   c - Mephitic Cloud                 Conjuration/Poison/Air       3
   d - Olgreb's Toxic Radiance        Poison                       4
   e - Venom Bolt                     Conjuration/Poison           5
   Trog disapproves of the use of such an item.
 i - a book of Minor Magic

   Spells                             Type                      Level
   a - Magic Dart                     Conjuration                  1
   b - Blink                          Translocation                2
   c - Call Imp                       Summoning                    2
   d - Repel Missiles                 Charms/Air                   2
   e - Slow                           Hexes                        2
   f - Conjure Flame                  Conjuration/Fire             3
   g - Mephitic Cloud                 Conjuration/Poison/Air       3
   Trog disapproves of the use of such an item.
 j - a book of Spatial Translocations

   Spells                             Type                      Level
   a - Apportation                    Translocation                1
   b - Blink                          Translocation                2
   c - Shroud of Golubria             Charms/Translocation         2
   d - Portal Projectile              Translocation                3
   e - Teleport Other                 Translocation                3
   f - Passage of Golubria            Translocation                4
   Trog disapproves of the use of such an item.
 t - Sah Lew's Almanac of Conjuration and Feathers
   (You found it in a labyrinth)

   Spells                             Type                      Level
   a - Shock                          Conjuration/Air              1
   b - Mephitic Cloud                 Conjuration/Poison/Air       3
   c - Dazzling Spray                 Conjuration/Hexes            3
   d - Orb of Destruction             Conjuration                  7
   Trog disapproves of the use of such an item.
Miscellaneous
 b - a phial of floods
Comestibles
 h - a bread ration
 M - 3 chunks of flesh


   Skills:
 + Level 10.0(7.4) Fighting
 + Level 25.4(21.9) Axes
 - Level 11.7(9.0) Armour
 - Level 1.5(0.0) Dodging


You had 14 spell levels left.
You didn't know any spells.

Dungeon Overview and Level Annotations

Branches:
Dungeon (11/15)            Temple (1/1) D:5             Orc (4/4) D:10
    Elf (3/3) Orc:4
   Lair: D:8-11

Altars:
Ashenzari
Dithmenos
Elyvilon
Fedhas
Okawaru
Qazlal
Ru
Sif Muna
Vehumet
Xom
Yredelemnul
Zin
Beogh

Shops:
D:5 ?   D:6 !(   D:10 }   Orc:2 %   Orc:4 ?**}   Elf:3 *

Annotations:
D:5 1 runed door


Message History

The arrow hits you!
* * * LOW HITPOINT WARNING * * *
You slash the ghostly deep elf death mage!
You freeze the ghostly deep elf death mage.
The ghostly deep elf death mage is almost destroyed.
You hit the ghostly deep elf master archer.
You freeze the ghostly deep elf master archer.
The ghostly deep elf master archer is lightly damaged.
The ghostly deep elf death mage is infused with unholy energy.
* * * LOW HITPOINT WARNING * * *
The ghostly deep elf death mage draws life force from you and is healed!
The ghostly deep elf master archer shoots an arrow.
The arrow hits you but does no damage.
You barely miss the ghostly deep elf master archer.
The ghostly deep elf master archer is lightly damaged.
You closely miss the ghostly deep elf death mage.
The ghostly deep elf death mage is severely damaged.
The ghostly deep elf master archer shoots an arrow.
The arrow hits you!!!
You die...

##..[).
##=|.:)
##[[^) ##)[=#
##.).# #)..##
##..##
#.ee#(..
##.@##..#
#...#.(( ...
#|.##(.##..#
#".#...#...#
#)(#..)#..#
#'###'##..#
#.........##
#..........#
#..........##


You could see a ghostly deep elf master archer and a ghostly deep elf death
mage.

Vanquished Creatures
  A deep elf blademaster (Elf:3)
  A deep elf master archer (Elf:3)
  5 deep elf sorcerers (Elf:3)
  Maud (Orc:2)
  2 deep elf demonologists (Elf:3)
  11 deep elf annihilators (Elf:3)
  2 deep elf death magi (Elf:3)
  A minotaur (Lab)
  6 deep elf high priests (Elf:3)
  A centaur warrior (D:9)
  A satyr (shapeshifter) (Elf:3)
  3 orc high priests (Orc:4)
  Urug (Orc:1)
  5 deep elf knights (Elf:3)
  4 deep elf summoners
  2 orc knights
  A hill giant (D:11)
  2 deep elf conjurers
  A statue (Volcano)
  An ugly thing (D:11)
  A lindwurm (Volcano)
  2 manticores (D:11)
  An orc sorcerer (Orc:4)
  An octopode (shapeshifter) (Elf:1)
  A shining eye (shapeshifter) (Elf:3)
  Joseph (D:9)
  3 fire drakes (Volcano)
  2 deep elf priests
  3 trolls
  10 deep elf magi
  A wyvern (D:11)
  2 wraiths (D:10)
  Eustachio (D:6)
  9 deep elf fighters
  3 fire bats (Volcano)
  A hippogriff (D:9)
  19 yaks
  A warg (Orc:2)
  6 hungry ghosts
  A soldier ant (D:5)
  3 sky beasts
  A water moccasin (D:10)
  19 orc warriors
  A swamp drake (Orc:2)
  An ice beast (D:9)
  6 ogres
  A necrophage (D:9)
  2 centaurs
  3 giant frogs
  A big kobold (D:9)
  6 scorpions
  6 killer bees
  An electric eel (D:10)
  3 crimson imps
  2 hounds
  A centaur zombie (D:9)
  2 lava snakes (Volcano)
  2 giant frog zombies
  An iron imp (Orc:2)
  2 giant frog skeletons
  31 orc priests
  3 jellies
  28 orc wizards
  2 iguanas
  8 worker ants
  6 adders
  3 gnolls (D:8)
  2 river rats (D:9)
  A white imp (Orc:2)
  3 shadow imps
  3 adder zombies (D:6)
  8 giant geckos
  168 orcs
  8 giant cockroaches
  A goblin (D:1)
  2 hobgoblins (D:1)
  8 jackals
  A quokka (D:6)
  6 bats (D:9)
  5 kobolds
  9 rats
  2 butterflies (D:5)
  A fungus (Elf:2)
494 creatures vanquished.

Vanquished Creatures (collateral kills)
  An orc warlord (Orc:4)
  An orc high priest (Orc:4)
  An orc sorcerer (Orc:4)
  An orc warrior (Orc:4)
  5 orc wizards (Orc:4)
  9 orcs (Orc:4)
18 creatures vanquished.

Vanquished Creatures (others)
  A deep elf high priest (Elf:3)
  An orc wizard (D:10)
  6 orcs
8 creatures vanquished.

Grand Total: 520 creatures vanquished

Notes
Turn   | Place    | Note
--------------------------------------------------------------
     0 | D:1      | brucemayne the Hill Orc Berserker began the quest for the Orb.
     0 | D:1      | Reached XP level 1. HP: 19/19 MP: 1/1
    59 | D:2      | Reached XP level 2. HP: 16/26 MP: 2/2
   125 | D:3      | Reached skill level 5 in Axes
   197 | D:4      | Reached XP level 3. HP: 31/31 MP: 3/3
   350 | D:4      | Acquired Trog's second power
   352 | D:4      | Reached skill level 6 in Axes
   352 | D:4      | Reached XP level 4. HP: 12/39 MP: 4/4
   387 | D:5      | Entered Level 5 of the Dungeon
   390 | D:5      | Reached skill level 7 in Axes
   459 | D:5      | Found a staircase to the Ecumenical Temple.
   470 | Temple   | Entered the Ecumenical Temple
   538 | D:5      | Reached XP level 5. HP: 33/45 MP: 5/5
   609 | D:6      | Reached skill level 8 in Axes
   640 | D:6      | Noticed a sky beast
   673 | D:5      | HP: 2/45 [something (5)]
   696 | D:5      | Reached XP level 6. HP: 20/51 MP: 6/6
   699 | D:5      | Killed a sky beast
   699 | D:5      | Reached skill level 9 in Axes
   709 | D:5      | Gained mutation: You are frail (-10% HP). [mutagenic meat]
   710 | D:5      | Gained mutation: You have large cloven feet. [mutagenic meat]
   711 | D:5      | Gained mutation: You are very frail (-20% HP). [mutagenic meat]
   712 | D:5      | Gained mutation: You tend to lose your temper in combat. [mutagenic meat]
   738 | D:5      | Noticed an ogre
   752 | D:5      | HP: 1/60 [ogre/giant club (24)]
   753 | D:5      | Killed an ogre
   753 | D:5      | Reached skill level 10 in Axes
   753 | D:5      | Reached XP level 7. HP: 1/45 MP: 7/7
   829 | D:5      | Found Mueko's Magic Scroll Emporium.
   846 | D:4      | Noticed an ogre
   851 | D:4      | Killed an ogre
  1008 | D:6      | Reached skill level 11 in Axes
  1009 | D:6      | Found a blossoming altar of Fedhas.
  1081 | D:6      | Noticed an orc warrior
  1093 | D:6      | Killed an orc warrior
  1093 | D:6      | Reached XP level 8. HP: 32/51 MP: 8/8
  1129 | D:6      | Found Eregroap's Distillery.
  1138 | D:6      | Reached skill level 12 in Axes
  1364 | D:5      | Found a runed door.
  1406 | D:5      | Found a runed door.
  1416 | D:5      | Noticed a soldier ant
  1417 | D:5      | Reached skill level 13 in Axes
  1441 | D:5      | Killed a soldier ant
  1460 | D:5      | Reached skill level 14 in Axes
  1526 | D:6      | Found Fadaw's Weapon Boutique.
  1526 | D:6      | Noticed Eustachio
  1545 | D:6      | Killed Eustachio
  1545 | D:6      | Reached XP level 9. HP: 31/56 MP: 9/9
  1736 | D:7      | Gained mutation: Your muscles are strong. (Str +2) [mutagenic meat]
  1738 | D:7      | Lost mutation: You have large cloven feet. [mutagenic meat]
  1750 | D:8      | Reached skill level 15 in Axes
  1850 | D:9      | Reached skill level 5 in Fighting
  1874 | D:9      | Reached skill level 5 in Armour
  2048 | D:9      | Noticed a centaur warrior
  2084 | D:9      | Killed a centaur warrior
  2084 | D:9      | Reached XP level 10. HP: 50/70 MP: 10/10
  2087 | D:9      | Acquired Trog's third power
  2177 | D:10     | Entered Level 10 of the Dungeon
  2338 | D:10     | Reached skill level 16 in Axes
  2476 | D:9      | Noticed Joseph
  2504 | D:9      | Killed Joseph
  2717 | D:10     | Noticed an orc knight
  2761 | D:10     | Killed an orc knight
  2761 | D:10     | Reached skill level 17 in Axes
  2761 | D:10     | Reached XP level 11. HP: 27/75 MP: 11/11
  2846 | D:10     | Found a staircase to the Orcish Mines.
  2855 | Orc:1    | Entered Level 1 of the Orcish Mines
  2890 | Orc:1    | Noticed Urug
  2978 | Orc:1    | Killed Urug
  3056 | Orc:1    | Found a roughly hewn altar of Beogh.
  3163 | Orc:2    | Found Vialuetau's Food Emporium.
  3261 | Orc:2    | Reached skill level 18 in Axes
  3382 | Orc:2    | Noticed Maud
  3424 | Orc:1    | Received a gift from Trog
  3566 | D:6      | Bought a potion of cure mutation for 455 gold pieces
  3566 | D:6      | Lost mutation: You tend to lose your temper in combat. [potion of cure mutation]
  3566 | D:6      | Lost mutation: Your muscles are strong. (Str +2) [potion of cure mutation]
  3566 | D:6      | Lost mutation: You are very frail (-20% HP). [potion of cure mutation]
  3566 | D:6      | Lost mutation: You are frail (-10% HP). [potion of cure mutation]
  3891 | D:11     | Noticed a hill giant
  3906 | D:11     | Killed a hill giant
  3906 | D:11     | Reached skill level 19 in Axes
  4187 | D:11     | Found a labyrinth entrance.
  4197 | Lab      | Entered a labyrinth
  4568 | Lab      | Noticed a minotaur
  4578 | Lab      | Killed a minotaur
  4578 | Lab      | Reached skill level 20 in Axes
  4578 | Lab      | Reached XP level 12. HP: 12/101 MP: 12/12
  4586 | Lab      | Identified Sah Lew's Almanac of Conjuration and Feathers
  4718 | D:10     | Found Vysu's Gadget Emporium.
  4903 | Orc:2    | Killed Maud
  5035 | Orc:4    | Entered Level 4 of the Orcish Mines
  5035 | Orc:4    | Noticed an orc warlord
  5272 | Orc:4    | Found an iron altar of Okawaru.
  5465 | Orc:3    | Reached skill level 21 in Axes
  5567 | Orc:4    | Killed an orc warlord
  5629 | Orc:4    | Noticed an orc high priest
  5664 | Orc:4    | Killed an orc high priest
  5744 | Orc:4    | Found a dark tunnel.
  5750 | Volcano  | Entered a volcano
  5865 | Volcano  | Found a radiant altar of Vehumet.
  5949 | Volcano  | Reached skill level 22 in Axes
  6052 | Orc:4    | Noticed an orc high priest
  6053 | Orc:4    | Noticed an orc high priest
  6058 | Orc:4    | Noticed an orc high priest
  6060 | Orc:4    | Killed an orc high priest
  6106 | Orc:4    | Found a staircase to the Elven Halls.
  6186 | Orc:4    | Killed an orc high priest
  6241 | Orc:4    | Killed an orc high priest
  6241 | Orc:4    | Reached XP level 13. HP: 78/107 MP: 13/13
  6245 | Orc:4    | Found Jopp's Gadget Shop.
  6245 | Orc:4    | Found Veanij's Magic Scroll Boutique.
  6245 | Orc:4    | Found Neaqus's General Store.
  6250 | Orc:4    | Found Ciryli's General Store.
  6255 | Orc:4    | Bought a wand of digging (8) for 360 gold pieces
  6670 | Orc:4    | Reached skill level 23 in Axes
  6695 | Elf:1    | Entered Level 1 of the Elven Halls
  6708 | Elf:1    | Received a gift from Trog
  7055 | Elf:3    | Entered Level 3 of the Elven Halls
  7324 | Elf:3    | Found Gabuymn's Assorted Antiques.
  7500 | Elf:3    | Noticed a deep elf annihilator
  7510 | Elf:3    | Killed a deep elf annihilator
  7535 | Elf:3    | Noticed a deep elf sorcerer
  7555 | Elf:3    | Killed a deep elf sorcerer
  7564 | Elf:3    | Noticed a deep elf death mage
  7571 | Elf:3    | Killed a deep elf death mage
  7571 | Elf:3    | Reached skill level 24 in Axes
  7583 | Elf:3    | Noticed a deep elf annihilator
  7590 | Elf:3    | Killed a deep elf annihilator
  7667 | Elf:3    | Got a bone war axe {holy}
  7675 | Elf:3    | Noticed a deep elf sorcerer
  7687 | Elf:3    | Killed a deep elf sorcerer
  7710 | Elf:3    | Noticed a deep elf master archer
  7710 | Elf:3    | Noticed a deep elf annihilator
  7710 | Elf:3    | Noticed a deep elf demonologist
  7711 | Elf:3    | Noticed a deep elf sorcerer
  7711 | Elf:3    | Noticed a deep elf annihilator
  7722 | Elf:3    | Reached XP level 14. HP: 97/115 MP: 14/14
  7729 | Elf:3    | Killed a deep elf annihilator
  7734 | Elf:3    | Killed a deep elf annihilator
  7734 | Elf:3    | Received a gift from Trog
  7734 | Elf:3    | Reached skill level 10 in Armour
  7740 | Elf:3    | Killed a deep elf demonologist
  7745 | Elf:3    | Noticed a deep elf annihilator
  7747 | Elf:3    | Noticed a deep elf blademaster
  7770 | Elf:3    | Killed a deep elf blademaster
  7772 | Elf:3    | Killed a deep elf annihilator
  7814 | Elf:3    | Got a faintly glowing ice dragon armour
  7841 | Elf:3    | Identified the cursed +1 ice dragon armour of Beusy {rElec rPois rF- rC++} (You took it off a deep elf blademaster on level 3 of the Elven Halls)
  7844 | Elf:3    | Noticed a deep elf sorcerer
  7856 | Elf:3    | Killed a deep elf sorcerer
  7859 | Elf:3    | Killed a deep elf master archer
  7889 | Elf:3    | Noticed a deep elf annihilator
  7892 | Elf:3    | Killed a deep elf annihilator
  7945 | Elf:3    | Got a bloodstained war axe {chop}
  7954 | Elf:3    | Noticed a deep elf annihilator
  7973 | Elf:3    | Killed a deep elf annihilator
  7973 | Elf:3    | Reached skill level 25 in Axes
  7976 | Elf:3    | Killed a deep elf sorcerer
  8030 | Elf:3    | Noticed a deep elf death mage
  8047 | Elf:3    | Killed a deep elf death mage
  8082 | Elf:3    | Noticed a deep elf annihilator
  8105 | Elf:3    | Killed a deep elf annihilator
  8109 | Elf:3    | Noticed a deep elf demonologist
  8111 | Elf:3    | Noticed a deep elf annihilator
  8119 | Elf:3    | Killed a deep elf demonologist
  8134 | Elf:3    | Killed a deep elf annihilator
  8140 | Elf:3    | Noticed a deep elf annihilator
  8150 | Elf:3    | Killed a deep elf annihilator
  8155 | Elf:3    | Noticed a deep elf annihilator
  8187 | Elf:3    | Killed a deep elf annihilator
  8231 | Elf:3    | Noticed a deep elf sorcerer
  8247 | Elf:3    | Killed a deep elf sorcerer
  8247 | Elf:3    | Reached skill level 10 in Fighting
  8247 | Elf:3    | Reached XP level 15. HP: 115/126 MP: 15/15
  8301 | Elf:3    | Noticed a deep elf death mage
  8314 | Elf:3    | Noticed a deep elf master archer
  8327 | Elf:3    | Killed a deep elf death mage
  8329 | Elf:3    | Killed a deep elf master archer
  8331 | Elf:3    | Shot with an arrow by a ghostly deep elf master archer

Vault maps used:
D:1:      dpeg_arrival_refuge
D:2:      bloody_trog
D:3:      lemuel_doored_altar, nemelex_xobeh_ov_fountains_minmay,
          grunt_gozag_breadcrumbs
D:4:      first_bread, fountainhead
D:5:      lemuel_insect_pit, minmay_temple_entry_statues_fountains,
          serial_shops, nicolae_shop_stone, grunt_ministairs_8
D:6:      grunt_temple_overflow_diamond, basic_altar, serial_shops,
          shop_fountains, shop, minmay_door_square, uniq_eustachio
D:7:      uniq_duvessa, uniq_prince_ribbit1
D:8:      grunt_pizzeria
D:9:      grunt_lair_entry_elf_guard_hut, uniq_joseph
D:10:     erik_orc_2, serial_shops, kennysheep_little_box, uniq_josephine
D:11:     lab_entry_generic, uniq_fannar
Temple:   circular_temple_12
Orc:1:    portal_ice_cave_entry_pillars_03, mines2_david, uniq_urug
Orc:2:    serial_shops, shop_fountains, hangedman_minor_magic, uniq_maud
Orc:3:    nicolae_orc_pool_cavern, uniq_maurice
Orc:4:    st_orc_mages, enter_volcano_2, nicolae_orc_sculptors_studio,
          okawaru_metal_pillars_1_2
Elf:1:    minmay_elf_arrival_circle, serial_shops, shop, st_stairs_8,
          minivault_26, spider_trap, grunt_ministairs_3, minivault_14
Elf:2:    uniq_aizul
Elf:3:    minmay_elf_hall_quartered_circle, serial_shops, shop
Lab:      labyrinth_spiral, labyrinth_fake_exit, lab_block,
          nicolae_lab_starburst
Volcano:  volcano_grotto

Action                   |  1- 3 |  4- 6 |  7- 9 | 10-12 | 13-15 || total
-------------------------+-------+-------+-------+-------+-------++-------
Melee: Hand axe          |    58 |    45 |   265 |   433 |       ||   801
       War axe           |       |     7 |     8 |    72 |       ||    87
       Battleaxe         |       |       |       |   266 |    85 ||   351
       Executioner's axe |       |       |       |       |   254 ||   254
Invok: Berserk           |     2 |     4 |     5 |    17 |     1 ||    29
       Trog's Hand       |       |     3 |     8 |    31 |    19 ||    61
       Brothers in Arms  |       |       |       |     4 |       ||     4
Evoke: Wand              |       |       |       |     5 |     6 ||    11
  Use: Scroll            |       |     2 |       |    10 |     8 ||    20
       Potion            |       |       |     7 |     4 |     5 ||    16
 Stab: Invisible         |       |       |       |       |     3 ||     3
       Confused          |       |       |       |       |     1 ||     1
  Eat: Chunk             |       |     8 |    16 |    29 |     9 ||    62
       Beef jerky        |       |       |       |     1 |     1 ||     2
       Bread ration      |       |       |       |     3 |       ||     3
       Meat ration       |       |       |       |     2 |       ||     2
       Pizza             |       |       |       |     2 |       ||     2
